 Dungeon Crawl Stone Soup version 0.23.2-1-ga50397a (webtiles) character file.

Game seed: 7320145590003909997

556 Fang the Skirmisher (level 7, -1/44 HPs)
             Began as a Gargoyle Berserker on Apr 29, 2019.
             Was a Believer of Trog.
             Slain by an ogre
             ... wielding a +0 giant club
              (31 damage)
             ... on level 5 of the Dungeon.
             The game lasted 00:03:58 (4457 turns).

Fang the Skirmisher (Gargoyle Berserker)            Turns: 4457, Time: 00:03:58

Health: -1/44      AC:  8    Str: 23    XL:     7   Next: 30%
Magic:  7/7        EV: 13    Int:  7    God:    Trog [**....]
Gold:   145        SH:  0    Dex:  9    Spells: 6/6 levels left

rFire    . . .     SeeInvis .   a - +1 hand axe
rCold    . . .     Gourm    .   (no shield)
rNeg     + . .     Faith    .   b - +1 animal skin
rPois    ∞         Spirit   .   (no helmet)
rElec    +         Reflect  .   (no cloak)
rCorr    .         Harm     .   (no gloves)
MR       .....                  (no boots)
Stlth    +.........             (no amulet)
HPRegen  0.14/turn              (no ring)
MPRegen  0.10/turn              (no ring)

@: no status effects
A: negative energy resistance 1, electricity resistance, unbreathing,
petrification resistance, rot immunity, AC +4
a: Berserk, Trog's Hand, Renounce Religion


You were on level 5 of the Dungeon.
You worshipped Trog.
Trog was pleased with you.
You were not hungry.

You visited 1 branch of the dungeon, and saw 5 of its levels.

You collected 145 gold pieces.

Inventory:

Hand Weapons
 a - a +1 hand axe (weapon)
Armour
 b - a +1 animal skin (worn)
Wands
 o - a wand of flame (7)
 q - a wand of disintegration (5)
Scrolls
 h - 2 scrolls of teleportation
 n - a scroll of blinking
 p - a scroll of remove curse
 r - a scroll of magic mapping
Potions
 d - a potion of flight {unknown}
 e - 4 potions of curing
 g - a potion of cancellation
 j - 3 potions of haste {unknown}
 k - a potion of heal wounds {unknown}
 l - a potion of degeneration {unknown}
 m - a potion of might {unknown}
Comestibles
 c - 8 rations
 f - a chunk of flesh


   Skills:
 + Level 5.3 Fighting
 + Level 4.3 Axes
 + Level 4.6 Armour
 + Level 3.4 Dodging


You had 6 spell levels left.
You didn't know any spells.
Your spell library was empty.

Dungeon Overview and Level Annotations

Branches:
Dungeon (5/15)
 Temple: D:4-7

Altars:
Okawaru
Qazlal
Ru
The Shining One

Shops:
D:5 =


Innate Abilities, Weirdness & Mutations

You are resistant to torment.
Your stone body is resilient. (AC +4)
You are immune to poison.
You resist negative energy. (rN+)
You are resistant to electric shocks. (rElec)
You can survive without breathing.
You are immune to petrification.
You are immune to rotting.


Message History

You slash the ogre!
The ogre is heavily wounded.
The ogre misses you.
You barely miss the ogre.
The ogre is heavily wounded.
The ogre barely misses you.
You completely miss the ogre.
The ogre is heavily wounded.
Some of the chunks of flesh in your inventory have rotted away.
You hit the ogre.
The ogre is heavily wounded.
The ogre misses you.
You hit the ogre.
The ogre is heavily wounded.
The ogre completely misses you.
You hit the ogre.
The ogre is heavily wounded.
The ogre hits you with a +0 giant club!!
Ouch! That really hurt!
You die...

#........#
...........#
#######.......#
..# #.....(.# ###
#.# #.......#
.... #.#
##<#...## .....
#.# #.###.#
......##.######.#
.#
.....oO@.....)..#
..)...##.######.#
..... #.# #. #...
#.# #.# ... #.#
#.#### ## #.#
#..... #.#
###..#####.#
#.####..........#
..
#...........####.


You could see an ogre and an orc.

Vanquished Creatures
  Menkaure (D:4)
  A centaur (D:5)
  An orc priest (D:4)
  Crazy Yiuf (D:3)
  An orc wizard (D:5)
  An iguana (D:5)
  Ijyb (D:3)
  2 worker ants
  A hound skeleton (D:4)
  A hound zombie (D:5)
  Robin (D:2)
  6 adders
  2 oozes (D:1)
  3 worms
  6 leopard geckos
  8 orcs
  6 goblins
  8 hobgoblins
  4 quokkas
  2 ball pythons
  4 bats
  A frilled lizard (D:1)
  2 kobolds
  6 rats
70 creatures vanquished.

Notes
Turn   | Place    | Note
-------+----------+-------------------------------------------
     0 | D:1      | Fang the Gargoyle Berserker began the quest for the Orb.
     0 | D:1      | Reached XP level 1. HP: 14/14 MP: 1/1
   198 | D:1      | Reached XP level 2. HP: 13/19 MP: 2/2
  1141 | D:2      | Reached XP level 3. HP: 23/23 MP: 3/3
  1370 | D:2      | Reached XP level 4. HP: 22/29 MP: 4/4
  1489 | D:2      | Noticed Robin
  1501 | D:2      | Killed Robin
  1501 | D:2      | Reached ** piety under Trog
  1501 | D:2      | Reached skill level 4 in Fighting
  2023 | D:3      | Noticed Ijyb
  2054 | D:3      | Killed Ijyb
  2054 | D:3      | Reached XP level 5. HP: 33/33 MP: 5/5
  2097 | D:3      | Found a faded altar of an unknown god.
  2190 | D:3      | Found an iron altar of Okawaru.
  2191 | D:3      | Found a glowing golden altar of the Shining One.
  2515 | D:3      | Found a runed translucent door.
  2516 | D:3      | Noticed Crazy Yiuf
  2908 | D:3      | Killed Crazy Yiuf
  2979 | D:4      | Noticed Menkaure
  2989 | D:4      | Killed Menkaure
  2989 | D:4      | Reached XP level 6. HP: 30/39 MP: 6/6
  3372 | D:4      | Found a stormy altar of Qazlal.
  3925 | D:5      | Entered Level 5 of the Dungeon
  3927 | D:5      | Found Uwnixt's Jewellery Shop.
  3937 | D:5      | Reached skill level 5 in Fighting
  3939 | D:5      | Reached XP level 7. HP: 14/44 MP: 7/7
  4326 | D:5      | Found a sacrificial altar of Ru.
  4457 | D:5      | Slain by an ogre

Skill      XL: |  1  2  3  4  5  6 |
---------------+-------------------+-----
Axes           | 3 4 |  4.3
Dodging        | 2 3 |  3.4
Armour         | 3 4 |  4.6
Fighting       | 4 5 |  5.3

Action                   |  1- 3 |  4- 6 |  7- 9 || total
-------------------------+-------+-------+-------++-------
Melee: Hand axe          |    83 |   173 |    43 ||   299
Invok: Berserk           |       |     5 |       ||     5
       Trog's Hand       |       |     1 |       ||     1
  Use: Scroll            |     4 |       |     6 ||    10
 Stab: Sleeping          |     1 |       |       ||     1
  Eat: Chunk             |     1 |     9 |     3 ||    13
       Ration            |       |     1 |       ||     1
Armor: Animal skin       |    21 |    35 |    17 ||    73
       Skin              |       |    14 |       ||    14
Dodge: Dodged            |    44 |    90 |    27 ||   161
